 Dungeon Crawl Stone Soup version 0.23.2-1-ga50397a6bc (webtiles) character file.

Game seed: 14683048322889140932

6851 Menchi the Spear-Bearer (level 11, 0/87 HPs)
             Began as a Merfolk Fighter on May 18, 2019.
             Was an Initiate of Gozag.
             Killed by vampiric draining
             ... invoked by a vampire
              (5 damage)
             ... on level 10 of the Dungeon.
             The game lasted 00:21:08 (10726 turns).

Menchi the Spear-Bearer (Merfolk Fighter)          Turns: 10726, Time: 00:21:09

Health: 0/87       AC:  5    Str: 20    XL:     11   Next: 6%
Magic:  11/11      EV: 30    Int:  8    God:    Gozag
Gold:   1233       SH:  5    Dex: 18    Spells: 10/10 levels left

rFire    . . .     SeeInvis +   g - +2 spear
rCold    . . .     Gourm    .   e - +0 buckler
rNeg     . . .     Faith    .   z - +0 robe "Urukh" {rPois} (curse)
rPois    +         Spirit   .   u - +1 helmet
rElec    .         Reflect  .   (no cloak)
rCorr    .         Harm     .   x - +0 pair of gloves
MR       .....                  (no boots)
Stlth    +++.......             (no amulet)
HPRegen  0.24/turn              a - +3 ring of evasion
MPRegen  0.12/turn              v - ring of see invisible

@: agile, flying
A: change form in water, swift swim, stealthy swim
a: Potion Petition, Call Merchant, Bribe Branch, Renounce Religion


You were on level 10 of the Dungeon.
You worshipped Gozag.
Gozag was most pleased with you.
You were hungry.

You visited 2 branches of the dungeon, and saw 11 of its levels.

You collected 1328 gold pieces.
You paid 95 gold pieces to Gozag.

Inventory:

Hand Weapons
 g - a +2 spear (weapon)
Armour
 c - a +0 shield
 e - a +0 buckler (worn)
 u - a +1 helmet (worn)
 x - a +0 pair of gloves (worn)
 z - the cursed +0 robe "Urukh" (worn) {rPois}
   (You found it on level 4 of the Dungeon)

   It protects you from poison.
   It has a curse placed upon it.
Jewellery
 a - a +3 ring of evasion (left hand)
 v - a ring of see invisible (right hand)
Wands
 d - a wand of clouds (2)
Scrolls
 m - a scroll of fear
 p - a scroll of remove curse
 q - a scroll of teleportation
 r - 2 scrolls of identify
 s - 2 scrolls of immolation
 t - 2 scrolls of enchant weapon
Potions
 b - a potion of lignification
 i - a potion of ambrosia
 j - a potion of invisibility
 k - a potion of resistance
 l - 2 potions of agility
 n - a potion of flight
 o - 3 potions of magic
Comestibles
 f - 12 rations


   Skills:
 + Level 8.9 Fighting
 * Level 14.6 Polearms
 - Level 2.1 Armour
 + Level 12.4 Dodging
 - Level 4.0 Shields


You had 10 spell levels left.
You didn't know any spells.
Your spell library contained the following spells:

 Spells                   Type           Power        Failure   Level  Hunger
 Animate Skeleton         Necr           N/A          41%         1    ##.....
 Corona                   Hex            #......      41%         1    ##.....
 Pain                     Necr           #...         41%         1    ##.....
 Ensorcelled Hibernation  Hex/Ice        #.....       54%         2    ###....
 Confuse                  Hex            #.......     78%         3    ####...
 Dazzling Spray           Conj/Hex       #.....       78%         3    ####...
 Regeneration             Chrm/Necr      #.........   78%         3    ####...
 Tukima's Dance           Hex            #.......     78%         3    ####...
 Vampiric Draining        Necr           #.........   78%         3    ####...
 Animate Dead             Necr           N/A          99%         4    #####..
 Bolt of Magma            Conj/Fire/Erth #.........   100%        5    ######.
 Iskenderun's Battlesphe  Conj/Chrm      #.......     100%        5    ######.
 Venom Bolt               Conj/Pois      #.........   100%        5    ######.
 Iron Shot                Conj/Erth      #.........   100%        6    #######
 Orb of Destruction       Conj           #.........   100%        7    #######
 Spellforged Servitor     Conj/Summ      #.........   100%        7    #######


Dungeon Overview and Level Annotations

Branches:
Dungeon (10/15)            Temple (1/1) D:6
   Lair: D:8-11         Orc: D:9-12

Altars:
Ashenzari
Cheibriados
Dithmenos
Elyvilon
Fedhas
Gozag
Hepliaklqana
Kikubaaqudgha
Makhleb
Nemelex Xobeh
Okawaru
Qazlal
Ru
Sif Muna
Trog
Uskayaw
Vehumet
Wu Jian
Xom
Yredelemnul
Zin
The Shining One

Annotations:
D:7 2 transporters, ApatheticPlayer's ghost, novice MiBe


Message History

You hit the vampire.
The vampire is moderately damaged.
The vampire completely misses you. x2
You hit the vampire but do no damage.
The vampire is moderately damaged.
You closely miss the vampire.
The vampire is moderately damaged.
The vampire completely misses you. x2
You hit the vampire.
The vampire is heavily damaged.
You barely miss the vampire.
The vampire is heavily damaged.
The vampire misses you. The vampire closely misses you.
You completely miss the vampire.
The vampire is heavily damaged.
You hit the vampire.
The vampire is severely damaged.
The vampire is infused with unholy energy.
You die...
Your body crumbles into a pile of gold.

........................##
..................<#.####
.........#...........#
.........#......>.(.##
#........#.(........#
##<....#.#..........#####
##.####()..............###
###.# ##.................#
....#####(......@(.######.#
......()).......V......#
.#######...........###.....
....####..........## ###
....#.....#......##
#.....#...#.#.##.#
..............##..
..)(..............#
..)..)........##(##


You could see a vampire (invisible).

Vanquished Creatures
  2 trolls
  A hornet (D:8)
  Grinder (D:4)
  A hippogriff (D:10)
  A shadow (D:9)
  5 yaks (D:8)
  Menkaure (D:4)
  Edmund (D:5)
  4 sky beasts
  An orc warrior (D:8)
  An ice beast (D:5)
  2 black bears
  5 phantoms
  A wolf (D:9)
  3 centaurs
  3 ogres
  4 bullfrogs
  A big kobold (D:10)
  A scorpion (D:10)
  6 killer bees (D:10)
  14 wights
  5 crimson imps
  A bullfrog zombie (D:9)
  A bullfrog skeleton (D:8)
  5 jellies
  A gnoll shaman (D:6)
  4 orc priests
  7 hounds (D:9)
  4 orc wizards
  5 iguanas
  8 worker ants
  2 killer bee zombies
  2 hound zombies
  Robin (D:4)
  2 worker ant zombies (D:7)
  10 gnolls
  18 adders
  3 shadow imps
  2 oozes
  An adder zombie (D:5)
  An adder skeleton (D:6)
  3 worms
  3 dart slugs
  4 leopard geckos
  21 orcs
  12 giant cockroaches
  2 gnoll zombies (D:2)
  13 hobgoblins
  13 jackals
  4 quokkas
  2 ball pythons (D:2)
  10 bats
  6 frilled lizards
  21 goblins
  A jackal zombie (D:5)
  11 kobolds
  A leopard gecko zombie (D:8)
  2 quokka zombies
  3 rats
274 creatures vanquished.

Notes
Turn   | Place    | Note
-------+----------+-------------------------------------------
     0 | D:1      | Menchi the Merfolk Fighter began the quest for the Orb.
     0 | D:1      | Reached XP level 1. HP: 18/18 MP: 1/1
   168 | D:1      | Reached skill level 1 in Dodging
   172 | D:1      | Reached XP level 2. HP: 22/24 MP: 2/2
   457 | D:1      | Reached XP level 3. HP: 28/29 MP: 3/3
   855 | D:2      | Reached skill level 4 in Polearms
   856 | D:2      | Reached XP level 4. HP: 35/36 MP: 4/4
  1561 | D:2      | Found a basalt altar of Yredelemnul.
  1963 | D:3      | Reached XP level 5. HP: 41/42 MP: 5/5
  2326 | D:3      | Reached skill level 5 in Polearms
  2888 | D:4      | Reached XP level 6. HP: 14/48 MP: 6/6
  3165 | D:4      | Noticed Robin
  3214 | D:4      | Killed Robin
  3499 | D:4      | Got a thick robe
  3513 | D:4      | Identified the cursed +0 robe "Urukh" {rPois} (You found it
                  | on level 4 of the Dungeon)
  3595 | D:4      | Reached skill level 6 in Polearms
  3634 | D:4      | Noticed Grinder
  3650 | D:4      | Killed Grinder
  3650 | D:4      | Reached skill level 5 in Dodging
  3650 | D:4      | Reached XP level 7. HP: 45/55 MP: 7/7
  3924 | D:4      | Noticed Menkaure
  3933 | D:5      | Entered Level 5 of the Dungeon
  3942 | D:5      | Reached skill level 7 in Polearms
  4077 | D:5      | Noticed Edmund
  4099 | D:5      | Killed Edmund
  4102 | D:5      | Reached skill level 5 in Fighting
  4480 | D:5      | Reached skill level 8 in Polearms
  4508 | D:5      | Reached XP level 8. HP: 52/62 MP: 8/8
  5142 | D:5      | Reached skill level 9 in Polearms
  5435 | D:6      | Found a staircase to the Ecumenical Temple.
  5447 | Temple   | Entered the Ecumenical Temple
  5578 | Temple   | Became a worshipper of Gozag Ym Sagoz the Greedy
  5681 | D:6      | Reached skill level 10 in Polearms
  5911 | D:6      | Reached XP level 9. HP: 69/69 MP: 9/9
  6238 | D:4      | Killed Menkaure
  6379 | D:7      | Noticed a troll
  6861 | D:7      | Killed a troll
  6861 | D:7      | Reached skill level 11 in Polearms
  6942 | D:7      | Found a hazy altar of Hepliaklqana.
  7101 | D:7      | Found a transporter.
  7115 | D:7      | Noticed ApatheticPlayer's ghost (novice MiBe)
  7130 | D:7      | Noticed a moth of wrath
  7137 | D:7      | Found a transporter.
  7148 | D:7      | Reached skill level 10 in Dodging
  7913 | D:8      | Reached skill level 12 in Polearms
  7922 | D:8      | Reached XP level 10. HP: 59/79 MP: 10/10
  8185 | D:8      | Found a radiant altar of Vehumet.
  8639 | D:8      | Reached skill level 13 in Polearms
  9382 | D:9      | HP: 1/81 [electric eel/bolt of electricity (12)]
  9757 | D:10     | Entered Level 10 of the Dungeon
  9804 | D:10     | Reached skill level 14 in Polearms
 10294 | D:10     | Reached XP level 11. HP: 78/87 MP: 11/11
 10714 | D:10     | HP: 3/87 [vampire (11)]
 10726 | D:10     | Killed from afar by a vampire

Skill      XL: |  1  2  3  4  5  6  7  8  9 10 |
---------------+-------------------------------+-----
Dodging        | 1 2 3 4 5 6 8 10 12 | 12.4
Polearms       | 4 5 6 8 10 12 14 | 14.6
Fighting       | 4 5 6 7 8 |  8.9
Shields        | 4 |  4.0
Armour         | |  2.1

Action                   |  1- 3 |  4- 6 |  7- 9 | 10-12 || total
-------------------------+-------+-------+-------+-------++-------
Melee: Trident           |   105 |       |       |       ||   105
       Spear             |       |   340 |   580 |   619 ||  1539
Invok: Potion Petition   |       |       |     1 |       ||     1
Evoke: Wand              |       |       |     2 |       ||     2
  Use: Scroll            |       |    14 |     1 |     6 ||    21
       Potion            |       |       |     1 |    16 ||    17
 Stab: Sleeping          |       |     3 |     6 |     2 ||    11
       Invisible         |       |       |     2 |       ||     2
       Confused          |       |       |     5 |       ||     5
       Distracted        |       |       |     1 |     4 ||     5
  Eat: Chunk             |       |     9 |     6 |       ||    15
       Ration            |       |       |     3 |     2 ||     5
Armor: Scale mail        |    32 |     1 |       |       ||    33
       Robe              |       |    12 |    17 |    18 ||    47
       Skin              |       |       |       |     7 ||     7
Dodge: Dodged            |    48 |   136 |   201 |   295 ||   680
Block: Shield            |     1 |       |       |       ||     1
       Buckler           |     7 |    51 |    64 |    62 ||   184
